 Dungeon Crawl Stone Soup version 0.29-a0-371-g91724d5b39 (webtiles) character file.

Game seed: 2667221458611655451

358 jlumianski the Skirmisher (level 6, -2/48 HPs)
             Began as a Demonspawn Fighter on May 2, 2022.
             Was an Initiate of Yredelemnul.
             Slain by an orange demon (6 damage)
             ... on level 2 of the Abyss.
             The game lasted 00:14:28 (4366 turns).

jlumianski the Skirmisher (Demonspawn Fighter)      Turns: 4366, Time: 00:14:29

Health: -2/48      AC: 18    Str: 19      XL:     6   Next: 37%
Magic:  6/6        EV:  5    Int:  6 (9)  God:    Yredelemnul [......]
Gold:   132        SH:  4    Dex: 12      Spells: 5/5 levels left

rFire   + . .      SeeInvis .   a - +0 war axe
rCold   . . .      Faith    .   c - +0 buckler
rNeg    . . .      Spirit   .   h - +0 plate armour
rPois   .          Reflect  .   (helmet restricted)
rElec   .          Harm     .   q - +0 cloak
rCorr   .          Rampage  .   (no gloves)
Will    .....                   e - +0 pair of boots
Stlth   ..........              (no amulet)
HPRegen 0.16/turn               j - +4 ring of protection
MPRegen 0.10/turn               r - ring of protection from fire

@: weakened
A: hooves 2, horns 1
a: Renounce Religion, Recall Undead Harvest


You were on level 2 of the Abyss.
You worshipped Yredelemnul.
Yredelemnul was noncommittal.
You visited 1 branch of the dungeon, and saw 4 of its levels.
You visited the Abyss 1 time.

You collected 195 gold pieces.
You spent 63 gold pieces at shops.

Inventory:

Hand Weapons
 a - a +0 war axe (weapon)
Missiles
 g - 3 boomerangs (quivered)
 p - 84 stones
Armour
 b - a +0 scale mail
 c - a +0 buckler (worn)
 e - a +0 pair of boots (worn)
 h - a +0 plate armour (worn)
 n - a +1 leather armour of cold resistance
 q - a +0 cloak (worn)
 x - a +0 chain mail
Jewellery
 d - an amulet of reflection
 j - a +4 ring of protection (left hand)
 l - a ring of fire
 r - a ring of protection from fire (right hand)
 t - a ring of ice
 u - an amulet of magic regeneration
Scrolls
 f - a scroll of fear
 s - a scroll of blinking
 w - a scroll of vulnerability
Potions
 i - a potion of cancellation
 o - 2 potions of heal wounds
 v - a potion of lignification {unknown}


   Skills:
 + Level 4.1 Fighting
 + Level 3.9 Axes
 + Level 0.4 Throwing
 + Level 4.0 Armour
 + Level 0.2 Dodging
 + Level 0.3 Stealth
 + Level 3.4 Shields


You had 5 spell levels left.
You didn't know any spells.
Your spell library was empty.

Dungeon Overview and Level Annotations

Branches:
Dungeon (4/15)
 Temple: D:4-7

Altars:
Yredelemnul

Shops:
D:2 [

Annotations:
D:2 1 runed translucent door, Crazy Yiuf
D:4 Edmund
Abyss:2 1 runed translucent door


Innate Abilities, Weirdness & Mutations

You have hoof-like feet.
You have a pair of small horns on your head.


Message History

The hellwing hits you but does no damage.
You feel very sick. The hellwing attacks as you move away!
The hellwing barely misses you.
The hellwing hits you but does no damage.
You feel very sick.
You feel sick.
You feel better.
The hellwing hits you but does no damage. x2
The neqoxec hits you but does no damage.
You block the hellwing's attack. The hellwing barely misses you.
The orange demon stings you but does no damage.
You block the orange demon's attack. The neqoxec attacks as you move away!
The neqoxec closely misses you.
The hellwing hits you but does no damage. x2
The orange demon stings you but does no damage.
The orange demon hits you.
You feel your attacks grow feeble.
The orange demon attacks as you move away!
You block the orange demon's attack.
The orange demon hits you but does no damage.
The orange demon stings you but does no damage.
The hellwing swoops through the air toward you!
The hellwing hits you! The hellwing completely misses you.
The hellwing hits you. You block the hellwing's attack.
You block the hellwing's attack. x2
Found a runed translucent door.
The neqoxec gestures at you.
You feel dopey. Something feeds on your intellect!
The hellwing attacks as you move away! The hellwing hits you!
* * * LOW HITPOINT WARNING * * *
The hellwing barely misses you.
The hellwing swoops through the air toward you!
The hellwing hits you but does no damage.
You block the hellwing's attack.
You closely miss the hellwing.
The hellwing hits you but does no damage. x2
The orange demon stings you from afar.
You die...
Your body rises from the dead as a mindless zombie.

....# #...... ... #
#.... .# #. # ... #
#..# ....# #..# #4 #
##..##♣♣ ###
#..####..X..♣♣ ##...#
#.#.#......3.♣♣♣♣4+...#
#. ##.#.......♣.@♣ #
#...#....♣4♣♣♣ #.#..##
###♣♣♣♣♣ ###. ### #


You could see an orange demon and a hellwing.

Vanquished Creatures
  A scorpion (D:4)
  An iguana (D:4)
  Jessica (D:2)
  6 adders
  11 gnolls
  2 worms (D:2)
  2 dart slugs (D:2)
  2 orcs
  6 endoplasms
  4 giant cockroaches
  7 goblins
  3 hobgoblins
  3 quokkas
  6 ball pythons
  5 bats
  3 frilled lizards
  6 kobolds
  7 rats
76 creatures vanquished.

Vanquished Creatures (collateral kills)
  An orc (D:4)
  2 jackals (D:4)
3 creatures vanquished.

Vanquished Creatures (others)
  An adder zombie (D:4)
  An iguana zombie (D:4)
  3 gnoll zombies (D:4)
5 creatures vanquished.

Grand Total: 84 creatures vanquished

Notes
Turn   | Place    | Note
-------+----------+-------------------------------------------
     0 | D:1      | jlumianski the Demonspawn Fighter began the quest for the
                  | Orb.
     0 | D:1      | Reached XP level 1. HP: 18/18 MP: 1/1
   302 | D:1      | Discovered your monstrous ancestry.
   302 | D:1      | Gained mutation: You have a pair of small horns on your
                  | head. [demonic ancestry]
   302 | D:1      | Reached XP level 2. HP: 21/24 MP: 2/2
   557 | D:1      | Found a faded altar of an unknown god.
  1252 | D:2      | Gained mutation: You have large cloven feet. [demonic
                  | ancestry]
  1252 | D:2      | Reached XP level 3. HP: 29/29 MP: 3/3
  1429 | D:2      | Found Maasosaa's Armour Boutique.
  1440 | D:2      | Bought a +0 cloak for 63 gold pieces
  1512 | D:2      | Noticed Jessica
  1521 | D:2      | Killed Jessica
  1810 | D:2      | Reached XP level 4. HP: 36/36 MP: 4/4
  1881 | D:2      | Found a runed translucent door.
  1882 | D:2      | Noticed Crazy Yiuf
  2658 | D:3      | Found a basalt altar of Yredelemnul.
  2690 | D:3      | Became a worshipper of Yredelemnul the Dark
  2768 | D:3      | Reached XP level 5. HP: 30/42 MP: 5/5
  2773 | D:3      | Reached * piety under Yredelemnul
  3240 | D:4      | Noticed Edmund
  3838 | D:4      | Gained mutation: You have hoof-like feet. [demonic
                  | ancestry]
  3838 | D:4      | Reached XP level 6. HP: 42/48 MP: 6/6
  4263 | D:4      | Cast into level 2 of the Abyss (Edmund)
  4295 | Abyss:2  | Noticed an orange demon
  4329 | Abyss:2  | Noticed a hellwing
  4341 | Abyss:2  | Noticed a starcursed mass
  4351 | Abyss:2  | Noticed a neqoxec
  4351 | Abyss:2  | Noticed a large abomination
  4363 | Abyss:2  | Found a runed translucent door.
  4366 | Abyss:2  | Slain by an orange demon

Illustrated notes

Levels and vault maps discovered:
D:1:      giann_bridges, layout_basic, ebering_ecumenical_altar_sacrificial
D:2:      layout_basic, serial_shops, nicolae_shop_stone,
          uniq_crazy_yiuf_cottage, uniq_jessica
D:3:      layout_rooms, yredelemnul_altar_generic, nrook_mini_backslash
D:4:      layout_gridville, minmay_quadrilaterals, uniq_edmund
Abyss:2:  base: D:2, evilmike_abyss_exit_5, evilmike_abyss_exit_15

Skill      XL: |  1  2  3  4  5  6 |
---------------+-------------------+-----
Axes           | 2 3 |  3.9
Shields        | 3 |  3.4
Armour         | 3 4 |  4.0
Fighting       | 4 |  4.1
Throwing       | |  0.4
Dodging        | |  0.2
Stealth        | |  0.3

Action                   |  1- 3 |  4- 6 || total
-------------------------+-------+-------++-------
Melee: War axe           |    83 |   111 ||   194
       Headbutt          |     9 |    20 ||    29
       Kick              |     2 |    23 ||    25
Throw: Boomerang         |     4 |    10 ||    14
       Dart              |       |     2 ||     2
  Use: Scroll            |       |    10 ||    10
       Potion            |       |     4 ||     4
 Stab: Distracted        |       |     1 ||     1
Armor: Scale mail        |    48 |    69 ||   117
       Plate armour      |       |    37 ||    37
Dodge: Dodged            |    33 |    81 ||   114
Block: Buckler           |    22 |    44 ||    66

Table legend: (Time is in decaauts)
 A = Elapsed time spent in this place.
 B = Non-inter-level travel time spent in this place.
 C = Inter-level travel time spent in this place.
 D = Time resting spent in this place.
 E = Time spent auto-exploring this place.
 F = Levels seen in this place.
 G = Mean time per level.
                   A        B        C        D        E       F      G
               +--------+--------+--------+--------+--------+-----+--------+
         Total |   4438 |   4310 |    128 |    443 |   2457 |   5 |  887.6 |
       Dungeon |   4335 |   4207 |    128 |    443 |   2457 |   4 | 1083.8 |
         Abyss |    103 |    103 |      0 |      0 |      0 |   1 |  103.0 |
               +--------+--------+--------+--------+--------+-----+--------+

Top non-repeatable levels by time:
     D:3: 1353 daAuts
     D:1: 1225 daAuts
     D:2: 1156 daAuts
     D:4: 599 daAuts
 Abyss:2: 103 daAuts
